 Dungeon Crawl Stone Soup version 0.23-a0-175-g97aacdb (webtiles) character file.

2134 Amnesiac the Chiller (level 9, -1/57 HPs)
             Began as a Mummy Ice Elementalist on Sept 17, 2018.
             Was a Follower of Vehumet.
             Slain by an orc priest
             ... wielding a +0 mace
              (6 damage)
             ... on level 6 of the Dungeon.
             The game lasted 00:16:10 (7601 turns).

Amnesiac the Chiller (Mummy Ice Elementalist)       Turns: 7601, Time: 00:16:10

Health: -1/57      AC:  3    Str: 13    XL:     9   Next: 9%
Magic:  0/19       EV: 12    Int: 17    God:    Vehumet [*.....]
Gold:   386        SH:  0    Dex: 17    Spells: 5/21 levels left

rFire    x . .     SeeInvis .   a - +4 spear
rCold    + . .     Gourm    .   (no shield)
rNeg     + + +     Faith    .   g - +0 robe
rPois    ∞         Spirit   +   c - +0 helmet
rElec    .         Reflect  .   h - scarf {Spirit}
rCorr    .         Harm     .   (no gloves)
MR       +....                  (no boots)
Stlth    ++........             (no amulet)
HPRegen  0.19/turn              k - +4 ring of dexterity
MPRegen  0.16/turn              o - +2 ring of strength

@: no status effects
A: no food or potions, fire vulnerability, cold resistance 1, negative energy
resistance 3, torment resistance, unbreathing
a: Renounce Religion


You were on level 6 of the Dungeon.
You worshipped Vehumet.
Vehumet was aware of your devotion.
You were not hungry.

You visited 2 branches of the dungeon, and saw 8 of its levels.

You collected 386 gold pieces.

Inventory:

Hand Weapons
 a - a +4 spear (weapon)
 b - a +0 blowgun
 d - a +1 shortbow of velocity
Missiles
 f - 22 arrows
 i - 10 poisoned needles
Armour
 c - a +0 helmet (worn)
 g - a +0 robe (worn)
 h - a scarf of spirit shield (worn)
Jewellery
 k - a +4 ring of dexterity (left hand)
 o - a +2 ring of strength (right hand)
Wands
 j - a wand of iceblast (8)
Scrolls
 e - a scroll of enchant weapon {!r}
 m - a scroll of enchant armour {!r}
 n - a scroll of magic mapping {!r}
 p - a scroll of immolation {!r}
 r - 2 scrolls of teleportation {!r}


   Skills:
 - Level 1.5 Dodging
 - Level 1.5 Stealth
 - Level 6.7 Spellcasting
 * Level 6.5 Conjurations
 - Level 6.7 Ice Magic


You had 5 spell levels left.
You knew the following spells:

 Your Spells              Type           Power        Failure   Level  Hunger
a - Freeze                Ice            ####         1%          1    N/A
b - Summon Ice Beast      Ice/Summ       ###.....     30%         4    N/A
c - Confusing Touch       Hex            #.....       12%         1    N/A
d - Throw Icicle          Conj/Ice       ####....     8%          4    N/A
e - Throw Frost           Conj/Ice       ####..       1%          2    N/A
f - Apportation           Tloc           #.....       12%         1    N/A
z - Ozocubu's Armour      Chrm/Ice       ###.....     9%          3    N/A

Your spell library contained the following spells:

 Spells                   Type           Power        Failure   Level  Hunger
 Sandblast                Erth           #.....       12%         1    N/A
 Animate Skeleton         Necr           N/A          12%         1    N/A
 Summon Small Mammal      Summ           #...         12%         1    N/A

Dungeon Overview and Level Annotations

Branches:
Dungeon (7/15)             Temple (1/1) D:4

Altars:
Ashenzari
Dithmenos
Elyvilon
Fedhas
Gozag
Kikubaaqudgha
Makhleb
Nemelex Xobeh
Okawaru
Ru
Vehumet
Wu Jian
Xom
Yredelemnul
Zin
The Shining One

Annotations:
D:5 4 transporters, Libron's ghost, novice HuFi


Innate Abilities, Weirdness & Mutations

You do not eat or drink.
Your flesh is vulnerable to fire.
You are immune to poison.
Your flesh is cold resistant. (rC+)
You are immune to negative energy. (rN+++)
You are immune to unholy pain and torment.
You can survive without breathing.


Message History

The orc wizard mumbles some strange words.
The orc wizard blinks!
An ice beast comes into view.
There is a stone staircase leading up here.
The phantom blinks!
The orc priest hits you with a mace.
* * * LOW HITPOINT WARNING * * *
You climb upwards.
There is a stone staircase leading down here.
Casting: Freeze (safe; 1% risk of failure)
Confirm with . or Enter, or press ? or * to list all spells.
Aiming: Freeze (safe; 1% risk of failure)
Press: ? - help, Shift-Dir - straight line, f - orc priest
Aim: an orc priest, wielding a mace and wearing a leather armour You freeze the orc priest.
The orc priest is lightly wounded.
The orc priest hits you with a mace!
* * * LOW HITPOINT WARNING * * *
Unknown command.
Casting: Freeze (safe; 1% risk of failure)
Confirm with . or Enter, or press ? or * to list all spells.
Aiming: Freeze (safe; 1% risk of failure)
Press: ? - help, Shift-Dir - straight line, f/p - orc priest
Aim: an orc priest, wielding a mace and wearing a leather armour (lightly You freeze the orc priest.
The orc priest is moderately wounded.
Unknown command.
Casting: Freeze (safe; 1% risk of failure)
Confirm with . or Enter, or press ? or * to list all spells.
Aiming: Freeze (safe; 1% risk of failure)
Press: ? - help, Shift-Dir - straight line, f/p - orc priest
Aim: an orc priest, wielding a mace and wearing a leather armour (moderately You freeze the orc priest.
The orc priest is severely wounded.
The orc priest hits you with a mace.
* * * LOW HITPOINT WARNING * * *
Unknown command.
Evoke which item? (* to show all) (? for menu, Esc to quit)
Aiming: Iceblast
Press: ? - help, Shift-Dir - straight line, p - orc priest
Okay, then.
Evoke which item? (* to show all) (? for menu, Esc to quit)
Aiming: Iceblast
Press: ? - help, Shift-Dir - straight line, p - orc priest
Okay, then.
Wield which item (- for none, * to show all)? (? for menu, Esc to quit)
Okay, then.
Okay, then.
Evoke which item? (* to show all) (? for menu, Esc to quit)
Okay, then.
Okay, then.
Attack whom?
Press: ? - help, Dir - move target cursor, f/p - orc priest
Aim: an orc priest, wielding a mace and wearing a leather armour (severely You hit the orc priest.
The orc priest is almost dead.
The orc priest hits you with a mace.
* * * LOW HITPOINT WARNING * * *
Attack whom?
Press: ? - help, Dir - move target cursor, f/p - orc priest
Aim: an orc priest, wielding a mace and wearing a leather armour (almost dead)
You hit the orc priest.
The orc priest is almost dead.
The orc priest hits you with a mace.
You die...

#.# #.....#.# #.# ##.####.#
#.####.# #.# #......# #.#
########## ######## #.#
#........# #.# #.######.# #.###
#.# #.#
#########..o#######.######.#
#.........#.@...........##.#
#####.######....######.........#
........).......# #.###..####
.####.####[#..!## #(# #..## .#
#.# #)##.## #.# #...#
.####.####.##.# #.# ##.##
........##.##.# #.####.#
#####.#.##.##'## #......#
#.#.##.#...## ######.#


You could see an orc priest.

Vanquished Creatures
  Pikel (D:4)
  A hungry ghost (D:7)
  3 slaves
  2 ogres
  A centaur (D:7)
  A gnoll sergeant (D:6)
  A scorpion (D:3)
  5 howler monkeys
  A crimson imp (D:6)
  2 bullfrog zombies
  3 hounds
  5 orc priests
  A gnoll shaman (D:6)
  Natasha (thrice) (D:2)
  Jessica (D:3)
  2 iguanas (D:4)
  6 orc wizards
  Terence (D:3)
  7 gnolls (D:6)
  9 adders
  4 oozes
  4 worms
  5 leopard geckos
  15 orcs
  A giant cockroach (D:1)
  6 goblins
  6 hobgoblins
  7 jackals
  2 ball pythons
  8 bats
  6 frilled lizards
  7 kobolds
  A leopard gecko skeleton (D:2)
  A quokka skeleton (D:4)
  A quokka zombie (D:5)
  6 rats
136 creatures vanquished.

Notes
Turn   | Place    | Note
-------+----------+-------------------------------------------
     0 | D:1      | Amnesiac the Mummy Ice Elementalist began the quest for the
                  | Orb.
     0 | D:1      | Reached XP level 1. HP: 13/13 MP: 4/4
   329 | D:1      | Reached XP level 2. HP: 19/19 MP: 1/5
   457 | D:1      | Learned a level 2 spell: Throw Frost
   458 | D:2      | Noticed Natasha
  1192 | D:1      | Reached XP level 3. HP: 22/24 MP: 2/7
  1197 | D:1      | Learned a level 3 spell: Ozocubu's Armour
  1419 | D:2      | Killed Natasha
  1486 | D:2      | Noticed Natasha
  1543 | D:3      | Noticed a scorpion
  1592 | D:2      | HP: 1/24 [Natasha (5)]
  1594 | D:2      | Killed Natasha
  1594 | D:2      | Reached XP level 4. HP: 1/30 MP: 0/9
  1604 | D:2      | Learned a level 4 spell: Throw Icicle
  1888 | D:3      | Reached XP level 5. HP: 29/35 MP: 3/11
  2108 | D:3      | Noticed Jessica
  2113 | D:3      | Killed Jessica
  2209 | D:4      | Reached XP level 6. HP: 24/41 MP: 0/13
  2215 | D:4      | Learned a level 4 spell: Summon Ice Beast
  2390 | D:4      | Reached skill level 5 in Ice Magic
  2493 | D:4      | Found a staircase to the Ecumenical Temple.
  2502 | Temple   | Entered the Ecumenical Temple
  2689 | D:2      | Noticed Natasha
  2698 | D:2      | Killed Natasha
  2698 | D:2      | Reached skill level 5 in Spellcasting
  3223 | D:3      | Noticed Terence
  3234 | D:3      | Killed Terence
  3558 | D:3      | Found a sacrificial altar of Ru.
  3559 | D:3      | Found an ancient bone altar of Kikubaaqudgha.
  4076 | D:4      | Reached XP level 7. HP: 46/46 MP: 10/15
  4089 | D:4      | Found a sparkling altar of Nemelex Xobeh.
  4380 | D:5      | Entered Level 5 of the Dungeon
  4449 | D:5      | Learned a level 1 spell: Confusing Touch
  4792 | D:5      | Learned a level 1 spell: Apportation
  4854 | D:5      | Noticed Pikel
  4875 | D:4      | Reached skill level 1 in Conjurations
  5140 | D:5      | Noticed Libron's ghost (novice HuFi)
  5142 | D:5      | Found a transporter.
  5143 | D:5      | Found a transporter.
  5502 | D:5      | Found a transporter.
  5503 | D:5      | Noticed a two-headed ogre
  5505 | D:5      | Found a transporter.
  5513 | D:5      | Found a shattered altar of Ashenzari.
  5665 | D:4      | Killed Pikel
  5665 | D:4      | Reached XP level 8. HP: 43/52 MP: 4/17
  6161 | D:6      | Found a radiant altar of Vehumet.
  6161 | D:6      | Found an opulent altar of Gozag.
  6169 | D:6      | Became a worshipper of Vehumet
  6408 | D:6      | Found a basalt altar of Yredelemnul.
  6616 | D:6      | Reached skill level 5 in Conjurations
  7542 | D:7      | Reached XP level 9. HP: 56/57 MP: 8/19
  7556 | D:7      | Reached * piety under Vehumet
  7556 | D:7      | Offered knowledge of Sandblast by Vehumet.
  7601 | D:6      | Slain by an orc priest

Vault maps used:
D:1:      dpeg_arrival_tiny_j, minmay_splitting_lines, serial_bayou_ford_a,
          kennysheep_pointless_box, lemuel_another_geyser
D:2:      uniq_natasha
D:3:      gammafunk_temple_overflow_statue, uniq_terence, uniq_jessica
D:4:      nemelex_xobeh_ov_fountains_minmay, minmay_temple_entry_mist,
          first_ration
D:5:      gammafunk_temple_overflow_arena, gammafunk_ghost_smash,
          amethyst_killhole, minmay_misc_feat_alley, uniq_pikel
D:6:      lemuel_coloured_pillars_altar,
          chequers_temple_overflow_statue_of_worship
D:7:      cheibriados_altar_1, dancing_weapons_uskayaw,
          nicolae_ossuary_entry_plus, ebering_ghost_xom
Temple:   compressed_dpeg_triangle_lava_temple

Skill      XL: |  1  2  3  4  5  6  7  8 |
---------------+-------------------------+-----
Ice Magic      | 3 4 5 6 |  6.7
Spellcasting   | 3 4 5 6 |  6.7
Conjurations   | 4 6 |  6.5
Dodging        | |  1.5
Stealth        | |  1.5

Action                   |  1- 3 |  4- 6 |  7- 9 || total
-------------------------+-------+-------+-------++-------
Melee: Unarmed           |    45 |       |     2 ||    47
       Spear             |    15 |    68 |    74 ||   157
 Cast: Freeze            |    45 |    78 |   132 ||   255
       Throw Frost       |       |       |     3 ||     3
       Ozocubu's Armour  |       |       |     4 ||     4
       Confusing Touch   |       |       |     1 ||     1
       Throw Icicle      |       |       |     6 ||     6
Evoke: Wand              |       |       |     6 ||     6
  Use: Scroll            |       |     2 |     6 ||     8
 Stab: Sleeping          |       |       |     1 ||     1
Armor: Robe              |    25 |    13 |    36 ||    74
Dodge: Dodged            |    81 |    54 |   112 ||   247

Table legend:
 A = Non-vault XP
 B = Vault XP
 C = Vault XP percentage of total XP
 D = Non-vault monster count
 E = Vault monster count
 F = Vault count percentage of total count
                 A         B        C        D         E       F
            +---------+---------+-------+---------+---------+-------
      Total |    2256 |     793 |  26.0 |     129 |       4 |   3.0
            +---------+---------+-------+---------+---------+-------
        D:1 |      46 |       0 |   0.0 |      26 |       0 |   0.0
        D:2 |     111 |      39 |  26.0 |      17 |       1 |   5.6
        D:3 |     205 |      69 |  25.2 |      23 |       2 |   8.0
        D:4 |     408 |     685 |  62.7 |      13 |       1 |   7.1
        D:5 |     273 |       0 |   0.0 |      10 |       0 |   0.0
        D:6 |     532 |       0 |   0.0 |      30 |       0 |   0.0
        D:7 |     681 |       0 |   0.0 |      10 |       0 |   0.0
            +---------+---------+-------+---------+---------+-------
